Penguins vs Blues (R1)

Created - June 9, 2017 at 22:05

Goals
1 2 3 T
Penguins 1 1 1 3
Blues 2 0 0 2
Shots
1 2 3 T
Penguins 8 14 9 31
Blues 7 11 9 27

1st period

1. Blues , Travis Zajac 1 (Drew Stafford 7, Taylor Hall 4) at 1:42 (PP)
2. Blues , David Perron 5 (Nicklas Backstrom 7) at 10:45
3. Penguins , Bobby Ryan 6 (Max Pacioretty 6, Steven Stamkos 8) at 12:36 (PP)

Penalties :
Luke Schenn (Pit) for Interference (Minor) at 1:15, Drew Fata (STL) for High sticking (Minor) at 3:37, Jake Gardiner (STL) for Holding (Minor) at 11:38, Cody Franson (STL) for Hooking (Minor) at 14:38

2nd period

4. Penguins , Josef Vasicek 2 (Brian McGrattan 2, Derek Joslin 3) at 18:36

Penalties :
Steve Sullivan (Pit) for Tripping (Minor) at 9:32, Paul Kariya (STL) for Holding (Minor) at 12:01, Taylor Hall (STL) for Roughing (Minor) at 18:43

3rd period

5. Penguins , Simon Gagné 1 (Josef Vasicek 2) at 14:31

Penalties :
Taylor Pyatt (STL) for Roughing (Minor) at 16:03

Goalie Stats

Brian Elliott (Pit), 25 saves from 27 shots - (0.926), W, 7-3-0, 60:00 minutes
Tuukka Rask (STL), 28 saves from 31 shots - (0.903), L, 3-4-0, 58:45 minutes

Players Stats for Penguins

Player Name              G  A  P  +/- PIM S  H  SB GA TA FO     MP     PP MP  PK MP  
------------------------------------------------------------------------------------
Andrew Cogliano          0  0  0  -1  0   4  1  0  0  0  0/0    19:29   4:57   0:33 
Bobby Ryan               1  0  1   0  0   3  3  0  0  0  0/1    21:13   5:54   0:37 
Brayden Schenn           0  0  0   0  0   1  1  0  1  0  1/4     9:31   0:02   1:16 
Brian McGrattan          0  1  1   2  0   0  1  1  0  0  1/2    11:09   0:02   0:00 
Cory Sarich              0  0  0   1  0   3  0  0  1  1  0/0    11:59   0:00   0:00 
Derek Joslin             0  1  1   1  0   0  0  1  0  0  0/0    11:59   0:00   0:00 
Dion Phaneuf             0  0  0   0  0   0  2  1  0  0  0/0    26:38   5:47   1:33 
Josef Vasicek            1  1  2   2  0   4  1  0  0  0  3/5    11:41   0:00   0:37 
Luke Schenn              0  0  0   0  2   2  0  0  0  0  0/0    21:22   5:06   0:53 
Max Pacioretty           0  1  1   0  0   0  0  0  0  0  1/2    20:36   5:54   0:00 
Nathan Horton            0  0  0  -1  0   1  1  0  0  0  0/0    20:08   4:57   1:16 
Nikita Alexeev           0  0  0   0  0   1  1  0  0  0  0/0     6:53   0:00   0:00 
Paul Ranger              0  0  0   0  0   1  0  0  0  0  0/0    21:23   5:06   0:53 
Sam Gagner               0  0  0  -1  0   1  1  0  0  0  4/14   17:50   4:57   0:00 
Sean Zimmerman           0  0  0   0  0   2  1  2  0  0  0/0    26:38   5:47   1:33 
Simon Gagné              1  0  1   2  0   4  1  0  0  0  0/1    11:46   0:02   0:33 
Steve Sullivan           0  0  0   0  2   0  0  0  0  0  0/0     6:56   0:00   0:00 
Steven Stamkos           0  1  1   0  0   4  1  2  1  0  14/25  20:21   5:54   0:00 

Players Stats for Blues

Player Name              G  A  P  +/- PIM S  H  SB GA TA FO     MP     PP MP  PK MP  
------------------------------------------------------------------------------------
Alex Pietrangelo         0  0  0   0  0   3  0  0  0  0  0/0    23:12   1:25   1:45 
Bryce Lampman            0  0  0   0  0   1  0  3  0  1  0/0    24:36   0:00   6:45 
Christian Ehrhoff        0  0  0  -2  0   0  0  1  0  1  0/0    13:56   1:01   0:00 
Cody Franson             0  0  0  -2  2   0  1  0  0  0  0/0    17:28   1:01   3:21 
David Perron             1  0  1   0  0   5  2  2  1  0  0/2    17:51   0:57   0:51 
Drew Fata                0  0  0   1  2   0  2  2  0  0  0/0    20:40   0:00   5:59 
Drew Stafford            0  1  1   0  0   0  1  0  0  0  0/1    19:37   1:01   2:45 
Jake Gardiner            0  0  0   1  2   1  1  0  0  0  0/0    20:14   1:25   3:56 
Joe Pavelski             0  0  0   0  0   4  1  0  0  0  1/1    15:33   1:13   0:00 
Kevin Porter             0  0  0  -1  0   1  0  0  0  0  2/3     6:53   0:00   0:12 
Nicklas Backstrom        0  1  1   0  0   1  0  0  0  0  16/22  18:35   0:57   1:35 
Nik Antropov             0  0  0   0  0   2  2  0  0  0  5/11   16:05   0:16   6:21 
Paul Kariya              0  0  0   0  2   0  1  0  0  0  0/0     9:38   0:28   0:12 
Sergei Shirokov          0  0  0   0  0   3  2  0  0  0  2/2    10:20   0:00   0:00 
Taylor Hall              0  1  1   0  2   3  2  1  0  0  0/0    16:30   1:13   1:49 
Taylor Pyatt             0  0  0  -1  2   1  2  0  0  1  1/1    12:45   0:00   5:16 
Tomas Kopecky            0  0  0  -1  0   1  0  0  0  0  0/0     7:52   0:00   0:00 
Travis Zajac             1  0  1   0  0   1  1  0  0  0  3/11   17:16   1:13   2:45 

3 Stars

1 - Josef Vasicek (Pit)
2 - Simon Gagné (Pit)
3 - Bobby Ryan (Pit)

Power Play

Penguins - 1 on 6 Attempt(s) - 16.67%
Blues - 1 on 2 Attempt(s) - 50.00%

Penalty Kill

Penguins - 1 on 2 Attempt(s) - 50.00% - Score 0 goal in Penalty Kill
Blues - 5 on 6 Attempt(s) - 83.33% - Score 0 goal in Penalty Kill

Team Stat

Penguins - Hits : 15 - Faceoff Wins : 24 - Blocked Shots : 7 - Penalty Minutes : 4
Blues - Hits : 18 - Faceoff Wins : 30 - Blocked Shots : 9 - Penalty Minutes : 12

Official

Referees : Kozari Steve and Martell Rob
Linesman : Brad Kovachik and Tim Nowak

Game Notes

No Game Note

Finance

Level 1 -- Attendance: 6000 (100.00%) -- Ticket Income $504,000
Level 2 -- Attendance: 5000 (100.00%) -- Ticket Income $260,000
Level 3 -- Attendance: 2000 (100.00%) -- Ticket Income $60,000
Level 4 -- Attendance: 4000 (100.00%) -- Ticket Income $76,000
Luxury Box -- Attendance: 1000 (100.00%) -- Ticket Income $169,000
Game was played at the Scotttrade center.
Total Attendance: 18000 (100.00%)
Total Ticket Income: $1,069,000
Other Income: $160,350
Total Income: $1,229,350

Penguins

5 vs 5 Forward 
   Center                   Left Wing                Right Wing               Time % Phy DF OF 
 1 Steven Stamkos           Max Pacioretty           Bobby Ryan               40     0   2  3  
 2 Sam Gagner               Andrew Cogliano          Nathan Horton            30     0   2  3  
 3 Josef Vasicek            Simon Gagné              Brian McGrattan          20     0   2  3  
 4 Brayden Schenn           Steve Sullivan           Nikita Alexeev           10     0   2  3  

5 vs 5 Defense 
   Defense                  Defense                                           Time % Phy DF OF 
 1 Sean Zimmerman           Dion Phaneuf                                      45     1   2  2  
 2 Paul Ranger              Luke Schenn                                       33     1   2  2  
 3 Cory Sarich              Derek Joslin                                      22     1   2  2  
 4 Luke Schenn              Paul Ranger                                       0      1   2  2  

PowerPlay Forward 
   Center                   Left Wing                Right Wing               Time % Phy DF OF 
 1 Steven Stamkos           Max Pacioretty           Bobby Ryan               60     0   1  4  
 2 Sam Gagner               Andrew Cogliano          Nathan Horton            40     0   1  4  

PowerPlay Defense
   Defense                  Defense                                           Time % Phy DF OF 
 1 Sean Zimmerman           Dion Phaneuf                                      60     0   2  3  
 2 Paul Ranger              Luke Schenn                                       40     0   2  3  

Penalty Kill 4 Players Forward 
   Center                   Wing                     Time % Phy DF OF 
 1 Brayden Schenn           Nathan Horton            60     0   4  1  
 2 Josef Vasicek            Bobby Ryan               40     0   4  1  

Penalty Kill 4 Players Defense
   Defense                  Defense                  Time % Phy DF OF 
 1 Sean Zimmerman           Dion Phaneuf             60     1   4  0  
 2 Paul Ranger              Luke Schenn              40     1   4  0  

Penalty Kill - 3 Players Forward 
   Forward                                           Time % Phy DF OF 
 1 Nathan Horton                                     60     0   4  1  
 2 Bobby Ryan                                        40     0   4  1  

Penalty Kill - 3 Players Defense
   Defense                  Defense                  Time % Phy DF OF 
 1 Sean Zimmerman           Dion Phaneuf             60     1   4  0  
 2 Paul Ranger              Luke Schenn              40     1   4  0  

4 vs 4 Forward 
   Center                   Wing                     Time % Phy DF OF 
 1 Steven Stamkos           Bobby Ryan               60     0   2  3  
 2 Sam Gagner               Nathan Horton            40     0   2  3  

4 vs 4 Defense
   Defense                  Defense                  Time % Phy DF OF 
 1 Sean Zimmerman           Dion Phaneuf             60     1   2  2  
 2 Paul Ranger              Luke Schenn              40     1   2  2  

Last Minutes Offensive
   Center                   Left Wing                Right Wing               Defense                  Defense                  
   Steven Stamkos           Max Pacioretty           Bobby Ryan               Sean Zimmerman           Dion Phaneuf             

Last Minutes Defensive
   Center                   Left Wing                Right Wing               Defense                  Defense                  
   Brayden Schenn           Andrew Cogliano          Nathan Horton            Sean Zimmerman           Dion Phaneuf             

Goaltenders
Starting : Brian Elliott            
Backup : Josh Tordjman            

Extra Forwards
Normal : Steven Stamkos, Sam Gagner, Josef Vasicek - PP : Steven Stamkos, Sam Gagner - PK : Simon Gagné
Extra Defensemen
Normal : Sean Zimmerman, Paul Ranger, Cory Sarich - PP : Paul Ranger - PK : Sean Zimmerman, Luke Schenn
Penalty Shots
Max Pacioretty, Bobby Ryan, Nathan Horton, Steven Stamkos, Andrew Cogliano

Scratches
Duncan Keith (Left Eye Injury), Oleg Kvasha (Healthy)

Blues

5 vs 5 Forward 
   Center                   Left Wing                Right Wing               Time % Phy DF OF 
 1 Nicklas Backstrom        David Perron             Drew Stafford            40     1   2  2  
 2 Travis Zajac             Taylor Hall              Joe Pavelski             30     1   2  2  
 3 Nik Antropov             Paul Kariya              Sergei Shirokov          20     1   2  2  
 4 Kevin Porter             Taylor Pyatt             Tomas Kopecky            10     1   2  2  

5 vs 5 Defense 
   Defense                  Defense                                           Time % Phy DF OF 
 1 Bryce Lampman            Alex Pietrangelo                                  40     1   2  2  
 2 Jake Gardiner            Drew Fata                                         30     1   2  2  
 3 Christian Ehrhoff        Cody Franson                                      20     1   2  2  
 4 Alex Pietrangelo         Drew Fata                                         10     1   2  2  

PowerPlay Forward 
   Center                   Left Wing                Right Wing               Time % Phy DF OF 
 1 Nicklas Backstrom        David Perron             Joe Pavelski             60     1   2  2  
 2 Travis Zajac             Taylor Hall              Drew Stafford            40     1   2  2  

PowerPlay Defense
   Defense                  Defense                                           Time % Phy DF OF 
 1 Jake Gardiner            Alex Pietrangelo                                  60     1   2  2  
 2 Cody Franson             Christian Ehrhoff                                 40     1   2  2  

Penalty Kill 4 Players Forward 
   Center                   Wing                     Time % Phy DF OF 
 1 Nik Antropov             Taylor Pyatt             60     1   2  2  
 2 Travis Zajac             Drew Stafford            40     1   2  2  

Penalty Kill 4 Players Defense
   Defense                  Defense                  Time % Phy DF OF 
 1 Drew Fata                Bryce Lampman            60     1   2  2  
 2 Cody Franson             Jake Gardiner            40     1   2  2  

Penalty Kill - 3 Players Forward 
   Forward                                           Time % Phy DF OF 
 1 Nik Antropov                                      60     1   2  2  
 2 Taylor Pyatt                                      40     1   2  2  

Penalty Kill - 3 Players Defense
   Defense                  Defense                  Time % Phy DF OF 
 1 Bryce Lampman            Drew Fata                60     1   2  2  
 2 Christian Ehrhoff        Jake Gardiner            40     1   2  2  

4 vs 4 Forward 
   Center                   Wing                     Time % Phy DF OF 
 1 Travis Zajac             David Perron             60     1   2  2  
 2 Nicklas Backstrom        Taylor Hall              40     1   2  2  

4 vs 4 Defense
   Defense                  Defense                  Time % Phy DF OF 
 1 Bryce Lampman            Alex Pietrangelo         60     1   2  2  
 2 Drew Fata                Jake Gardiner            40     1   2  2  

Last Minutes Offensive
   Center                   Left Wing                Right Wing               Defense                  Defense                  
   Nicklas Backstrom        David Perron             Joe Pavelski             Jake Gardiner            Alex Pietrangelo         

Last Minutes Defensive
   Center                   Left Wing                Right Wing               Defense                  Defense                  
   Nik Antropov             David Perron             Sergei Shirokov          Bryce Lampman            Drew Fata                

Goaltenders
Starting : Tuukka Rask              
Backup : Jeff Deslauriers         

Extra Forwards
Normal : Travis Zajac, Sergei Shirokov, Tomas Kopecky - PP : Paul Kariya, Nik Antropov - PK : Taylor Pyatt
Extra Defensemen
Normal : Jake Gardiner, Cody Franson, Drew Fata - PP : Bryce Lampman - PK : Alex Pietrangelo, Christian Ehrhoff
Penalty Shots
David Perron, Joe Pavelski, Travis Zajac, Nik Antropov, Sergei Shirokov

Scratches
Antti Miettinen (Healthy), Joe Corvo (Healthy)

% Time on Ice - Penguins

Lines # - Real PCT - Wanted PCT - Time Play
Normal Forward
1 - 32% - 40% - 14:49
2 - 29% - 30% - 13:08
3 - 24% - 20% - 10:49
4 - 15% - 10% - 6:53
Normal Defense
1 - 40% - 45% - 18:16
2 - 34% - 33% - 15:24
3 - 26% - 22% - 11:59
4 - 0% - 0% - 0:00
PP Forward
1 - 55% - 60% - 5:56
2 - 45% - 40% - 4:57
PP Defense
1 - 53% - 60% - 5:47
2 - 47% - 40% - 5:06
PK Forward
1 - 75% - 60% - 1:49
2 - 25% - 40% - 0:37
PK Defense
1 - 64% - 60% - 1:33
2 - 36% - 40% - 0:53
PK3 Forward
1 - 0% - 60%
2 - 0% - 40%
PK3 Defense
1 - 0% - 60%
2 - 0% - 40%
44 Forward
1 - 0% - 60%
2 - 0% - 40%
44 Defense
1 - 0% - 60%
2 - 0% - 40%
Last Minute Offensive  - 0:00
Last Minute Defensive  - 1:02
Total
Forward - 60:00
Defense - 60:00

% Time on Ice - Blues

Lines # - Real PCT - Wanted PCT - Time Play
Normal Forward
1 - 36% - 40% - 16:34
2 - 29% - 30% - 13:18
3 - 20% - 20% - 8:57
4 - 15% - 10% - 6:41
Normal Defense
1 - 41% - 40% - 18:32
2 - 30% - 30% - 13:32
3 - 27% - 20% - 12:25
4 - 2% - 10% - 1:01
PP Forward
1 - 50% - 60% - 1:13
2 - 50% - 40% - 1:13
PP Defense
1 - 58% - 60% - 1:25
2 - 42% - 40% - 1:01
PK Forward
1 - 75% - 60% - 8:08
2 - 25% - 40% - 2:45
PK Defense
1 - 62% - 60% - 6:45
2 - 38% - 40% - 4:08
PK3 Forward
1 - 0% - 60%
2 - 0% - 40%
PK3 Defense
1 - 0% - 60%
2 - 0% - 40%
44 Forward
1 - 0% - 60%
2 - 0% - 40%
44 Defense
1 - 0% - 60%
2 - 0% - 40%
Last Minute Offensive  - 1:11
Last Minute Defensive  - 0:00
Total
Forward - 60:00
Defense - 60:00

Play by Play

1st period


0:01 of 1st period - Nicklas Backstrom wins face-off versus Steven Stamkos in neutral zone.
0:30 of 1st period - Wrist shot by Andrew Cogliano.
0:30 of 1st period - Shot Misses the Net.
0:32 of 1st period - Snap shot by Andrew Cogliano.
0:32 of 1st period - Deflect By Sam Gagner.
0:32 of 1st period - Stopped by Tuukka Rask without a rebound.
0:33 of 1st period - Nik Antropov wins face-off versus Brian McGrattan in Blues zone.
0:53 of 1st period - Jake Gardiner is hit by Josef Vasicek and loses puck.
1:15 of 1st period - Minor Penalty to Luke Schenn for Interference.
1:16 of 1st period - Joe Pavelski wins face-off versus Brayden Schenn in Penguins zone.
1:22 of 1st period - Wrist shot by David Perron.
1:22 of 1st period - Shot Misses the Net.
1:24 of 1st period - Slapshot by Jake Gardiner.
1:24 of 1st period - Shot Misses the Net.
1:32 of 1st period - Snap shot by Alex Pietrangelo.
1:32 of 1st period - Stopped by Brian Elliott without a rebound.
1:33 of 1st period - Josef Vasicek wins face-off versus Travis Zajac in Penguins zone.
1:42 of 1st period - Wrist shot by Travis Zajac.
1:42 of 1st period - Goal by Travis Zajac - Penguins : 0 - Blues : 1.
1:43 of 1st period - Nicklas Backstrom wins face-off versus Steven Stamkos in neutral zone.
1:59 of 1st period - Wrist shot by David Perron.
1:59 of 1st period - Shot Blocked by Steven Stamkos.
2:11 of 1st period - Snap shot by Nathan Horton.
2:11 of 1st period - Shot Misses the Net.
2:13 of 1st period - Backhand shot by Andrew Cogliano.
2:13 of 1st period - Stopped by Tuukka Rask without a rebound.
2:14 of 1st period - Sam Gagner wins face-off versus Travis Zajac in Blues zone.
2:35 of 1st period - Nathan Horton is hit by Taylor Hall and loses puck.
2:48 of 1st period - Slapshot by Dion Phaneuf.
2:48 of 1st period - Shot Misses the Net.
3:04 of 1st period - Wrist shot by Taylor Hall.
3:04 of 1st period - Shot Misses the Net.
3:28 of 1st period - Wrist shot by Andrew Cogliano.
3:28 of 1st period - Stopped by Tuukka Rask without a rebound.
3:29 of 1st period - Steven Stamkos wins face-off versus Nicklas Backstrom in Blues zone.
3:37 of 1st period - Minor Penalty to Drew Fata for High sticking.
3:38 of 1st period - Steven Stamkos wins face-off versus Nik Antropov in Blues zone.
4:13 of 1st period - Icing by Sean Zimmerman.
4:14 of 1st period - Sam Gagner wins face-off versus Travis Zajac in Penguins zone.
4:25 of 1st period - Alex Pietrangelo is hit by Bobby Ryan.
5:11 of 1st period - Andrew Cogliano is hit by Taylor Hall and loses puck.
5:37 of 1st period - Penalty to Drew Fata is over, Drew Fata is back on ice.
5:39 of 1st period - Off-side.
5:40 of 1st period - Josef Vasicek wins face-off versus David Perron in neutral zone.
6:13 of 1st period - Off-side.
6:14 of 1st period - Nicklas Backstrom wins face-off versus Steven Stamkos in neutral zone.
6:39 of 1st period - Simon Gagné is hit by Sergei Shirokov and loses puck.
7:04 of 1st period - Snap shot by Brayden Schenn.
7:04 of 1st period - Shot Misses the Net.
7:18 of 1st period - Jake Gardiner is hit by Nikita Alexeev and loses puck.
7:59 of 1st period - Snap shot by Bobby Ryan.
7:59 of 1st period - Stopped by Tuukka Rask without a rebound.
8:00 of 1st period - Steven Stamkos wins face-off versus Nicklas Backstrom in Blues zone.
8:01 of 1st period - Slapshot by Bobby Ryan.
8:01 of 1st period - Shot Misses the Net.
8:03 of 1st period - Slapshot by Max Pacioretty.
8:03 of 1st period - Shot Blocked by Christian Ehrhoff.
8:17 of 1st period - Snap shot by Bobby Ryan.
8:17 of 1st period - Stopped by Tuukka Rask without a rebound.
8:18 of 1st period - Nik Antropov wins face-off versus Sam Gagner in Blues zone.
8:25 of 1st period - Slapshot by Nik Antropov.
8:25 of 1st period - Stopped by Brian Elliott without a rebound.
8:26 of 1st period - Sergei Shirokov wins face-off versus Sam Gagner in Penguins zone.
8:57 of 1st period - Max Pacioretty is hit by Drew Fata and loses puck.
9:20 of 1st period - Snap shot by Simon Gagné.
9:20 of 1st period - Shot Blocked by Bryce Lampman.
9:22 of 1st period - Slapshot by Simon Gagné.
9:22 of 1st period - Shot Blocked by Bryce Lampman.
9:24 of 1st period - Slapshot by Luke Schenn.
9:24 of 1st period - Stopped by Tuukka Rask without a rebound.
9:25 of 1st period - Nicklas Backstrom wins face-off versus Sam Gagner in Blues zone.
10:39 of 1st period - Slapshot by Taylor Pyatt.
10:39 of 1st period - Stopped by Brian Elliott without a rebound.
10:40 of 1st period - Nicklas Backstrom wins face-off versus Sam Gagner in Penguins zone.
10:45 of 1st period - Snap shot by David Perron.
10:45 of 1st period - Goal by David Perron - Penguins : 0 - Blues : 2.
10:46 of 1st period - Steven Stamkos wins face-off versus Nicklas Backstrom in neutral zone.
11:31 of 1st period - Snap shot by Bobby Ryan.
11:31 of 1st period - Shot Misses the Net.
11:33 of 1st period - Snap shot by Max Pacioretty.
11:33 of 1st period - Shot Blocked by Drew Fata.
11:38 of 1st period - Minor Penalty to Jake Gardiner for Holding.
11:39 of 1st period - Nik Antropov wins face-off versus Sam Gagner in Blues zone.
11:48 of 1st period - Off-side.
11:49 of 1st period - Taylor Pyatt wins face-off versus Sam Gagner in neutral zone.
12:22 of 1st period - Snap shot by Sam Gagner.
12:22 of 1st period - Shot Blocked by Bryce Lampman.
12:24 of 1st period - Snap shot by Luke Schenn.
12:24 of 1st period - Stopped by Tuukka Rask without a rebound.
12:25 of 1st period - Max Pacioretty wins face-off versus Travis Zajac in Blues zone.
12:32 of 1st period - Wrist shot by Max Pacioretty.
12:32 of 1st period - Shot Misses the Net.
12:34 of 1st period - Snap shot by Bobby Ryan.
12:34 of 1st period - Shot Misses the Net.
12:36 of 1st period - Slapshot by Bobby Ryan.
12:36 of 1st period - Goal by Bobby Ryan - Penguins : 1 - Blues : 2.
12:37 of 1st period - Nicklas Backstrom wins face-off versus Steven Stamkos in neutral zone.
13:03 of 1st period - Sam Gagner is hit by Sergei Shirokov.
13:28 of 1st period - Icing by Taylor Hall.
13:29 of 1st period - Brian McGrattan wins face-off versus Travis Zajac in Blues zone.
13:32 of 1st period - Wrist shot by Josef Vasicek.
13:32 of 1st period - Shot Misses the Net.
13:45 of 1st period - Wrist shot by Joe Pavelski.
13:45 of 1st period - Stopped by Brian Elliott without a rebound.
13:46 of 1st period - Nicklas Backstrom wins face-off versus Steven Stamkos in Penguins zone.
13:46 of 1st period - Nicklas Backstrom is hit by Dion Phaneuf.
13:54 of 1st period - Snap shot by David Perron.
13:54 of 1st period - Shot Misses the Net.
13:56 of 1st period - Snap shot by David Perron.
13:56 of 1st period - Stopped by Brian Elliott with a rebound.
13:58 of 1st period - Slapshot by Alex Pietrangelo.
13:58 of 1st period - Shot Blocked by Steven Stamkos.
14:00 of 1st period - Slapshot by Drew Stafford.
14:00 of 1st period - Shot Misses the Net.
14:02 of 1st period - Slapshot by Bryce Lampman.
14:02 of 1st period - Shot Blocked by Sean Zimmerman.
14:38 of 1st period - Minor Penalty to Cody Franson for Hooking.
14:39 of 1st period - Steven Stamkos wins face-off versus Nik Antropov in Blues zone.
16:38 of 1st period - Penalty to Cody Franson is over, Cody Franson is back on ice.
17:27 of 1st period - Sean Zimmerman is hit by Taylor Pyatt and loses puck.
17:58 of 1st period - Nik Antropov is hit by Bobby Ryan and loses puck.
18:25 of 1st period - Brian McGrattan is hit by Drew Stafford and loses puck.
19:01 of 1st period - Slapshot by Taylor Pyatt.
19:01 of 1st period - Shot Misses the Net.
19:13 of 1st period - Derek Joslin is hit by Nik Antropov and loses puck.
19:50 of 1st period - Slapshot by Brian McGrattan.
19:50 of 1st period - Shot Blocked by David Perron.
Goals for this period are 1 for Penguins vs 2 for Blues.
Shots for this period are 8 for Penguins vs 7 for Blues.

2nd period


0:01 of 2nd period - Nicklas Backstrom wins face-off versus Steven Stamkos in neutral zone.
0:15 of 2nd period - Wrist shot by Nicklas Backstrom.
0:15 of 2nd period - Stopped by Brian Elliott with a rebound.
0:27 of 2nd period - Alex Pietrangelo is hit by Brian McGrattan and loses puck.
0:38 of 2nd period - Wrist shot by Taylor Hall.
0:38 of 2nd period - Stopped by Brian Elliott with a rebound.
1:14 of 2nd period - Snap shot by Kevin Porter.
1:14 of 2nd period - Stopped by Brian Elliott with a rebound.
1:16 of 2nd period - Slapshot by Christian Ehrhoff.
1:16 of 2nd period - Shot Blocked by Derek Joslin.
1:20 of 2nd period - Snap shot by Kevin Porter.
1:20 of 2nd period - Shot Misses the Net.
1:22 of 2nd period - Slapshot by Drew Fata.
1:22 of 2nd period - Deflect By Tomas Kopecky.
1:22 of 2nd period - Shot Misses the Net.
1:22 of 2nd period - Puck is out of play.
1:23 of 2nd period - Nicklas Backstrom wins face-off versus Sam Gagner in Penguins zone.
1:24 of 2nd period - Snap shot by David Perron.
1:24 of 2nd period - Shot Misses the Net.
1:26 of 2nd period - Slapshot by David Perron.
1:26 of 2nd period - Stopped by Brian Elliott without a rebound.
1:27 of 2nd period - Nicklas Backstrom wins face-off versus Sam Gagner in Penguins zone.
1:52 of 2nd period - Sean Zimmerman is hit by Travis Zajac and loses puck.
1:57 of 2nd period - Slapshot by Taylor Hall.
1:57 of 2nd period - Deflect By Travis Zajac.
1:57 of 2nd period - Shot Misses the Net.
1:57 of 2nd period - Puck is out of play.
1:58 of 2nd period - Travis Zajac wins face-off versus Steven Stamkos in Penguins zone.
1:59 of 2nd period - Snap shot by Joe Pavelski.
1:59 of 2nd period - Shot Misses the Net.
2:15 of 2nd period - Snap shot by Bobby Ryan.
2:15 of 2nd period - Shot Blocked by Taylor Hall.
2:36 of 2nd period - Snap shot by David Perron.
2:36 of 2nd period - Stopped by Brian Elliott without a rebound.
2:37 of 2nd period - Steven Stamkos wins face-off versus Nik Antropov in Penguins zone.
3:03 of 2nd period - David Perron is hit by Nathan Horton and loses puck.
3:30 of 2nd period - Snap shot by Taylor Hall.
3:30 of 2nd period - Stopped by Brian Elliott without a rebound.
3:31 of 2nd period - Nicklas Backstrom wins face-off versus Steven Stamkos in Penguins zone.
4:25 of 2nd period - Wrist shot by Taylor Pyatt.
4:25 of 2nd period - Deflect By Brian McGrattan.
4:25 of 2nd period - Shot Misses the Net.
4:25 of 2nd period - Puck is out of play.
4:26 of 2nd period - Steven Stamkos wins face-off versus Kevin Porter in Penguins zone.
4:26 of 2nd period - Steven Stamkos is hit by Taylor Pyatt.
4:52 of 2nd period - Sam Gagner is hit by David Perron and loses puck.
5:45 of 2nd period - Wrist shot by Travis Zajac.
5:45 of 2nd period - Shot Misses the Net.
6:23 of 2nd period - Icing by Nicklas Backstrom.
6:24 of 2nd period - Nicklas Backstrom wins face-off versus Max Pacioretty in Blues zone.
6:39 of 2nd period - Slapshot by Steven Stamkos.
6:39 of 2nd period - Stopped by Tuukka Rask with a rebound.
6:53 of 2nd period - Andrew Cogliano is hit by Joe Pavelski and loses puck.
7:02 of 2nd period - Snap shot by Taylor Hall.
7:02 of 2nd period - Stopped by Brian Elliott with a rebound.
7:08 of 2nd period - Joe Pavelski is hit by Sam Gagner and loses puck.
7:33 of 2nd period - Wrist shot by Andrew Cogliano.
7:33 of 2nd period - Stopped by Tuukka Rask with a rebound.
7:35 of 2nd period - Snap shot by Andrew Cogliano.
7:35 of 2nd period - Shot Misses the Net.
7:37 of 2nd period - Snap shot by Andrew Cogliano.
7:37 of 2nd period - Shot Misses the Net.
7:39 of 2nd period - Snap shot by Andrew Cogliano.
7:39 of 2nd period - Shot Misses the Net.
7:41 of 2nd period - Snap shot by Nathan Horton.
7:41 of 2nd period - Shot Misses the Net.
7:43 of 2nd period - Wrist shot by Nathan Horton.
7:43 of 2nd period - Shot Misses the Net.
7:45 of 2nd period - Snap shot by Cory Sarich.
7:45 of 2nd period - Stopped by Tuukka Rask without a rebound.
7:46 of 2nd period - Nicklas Backstrom wins face-off versus Steven Stamkos in Blues zone.
8:12 of 2nd period - Drew Stafford is hit by Brayden Schenn and loses puck.
8:41 of 2nd period - Josef Vasicek is hit by David Perron and loses puck.
9:10 of 2nd period - Dion Phaneuf is hit by Paul Kariya and loses puck.
9:32 of 2nd period - Minor Penalty to Steve Sullivan for Tripping.
9:33 of 2nd period - Brayden Schenn wins face-off versus Travis Zajac in Penguins zone.
9:42 of 2nd period - Snap shot by Nathan Horton.
9:42 of 2nd period - Stopped by Tuukka Rask with a rebound.
11:25 of 2nd period - Icing by Drew Stafford.
11:26 of 2nd period - Travis Zajac wins face-off versus Simon Gagné in Blues zone.
11:32 of 2nd period - Penalty to Steve Sullivan is over, Steve Sullivan is back on ice.
12:01 of 2nd period - Minor Penalty to Paul Kariya for Holding.
12:02 of 2nd period - Nik Antropov wins face-off versus Bobby Ryan in Blues zone.
12:14 of 2nd period - Slapshot by Sean Zimmerman.
12:14 of 2nd period - Stopped by Tuukka Rask with a rebound.
12:16 of 2nd period - Wrist shot by Sean Zimmerman.
12:16 of 2nd period - Stopped by Tuukka Rask without a rebound.
12:17 of 2nd period - Steven Stamkos wins face-off versus Nik Antropov in Blues zone.
12:49 of 2nd period - Wrist shot by Sam Gagner.
12:49 of 2nd period - Shot Misses the Net.
13:01 of 2nd period - Snap shot by Jake Gardiner.
13:01 of 2nd period - Shot Misses the Net.
14:01 of 2nd period - Penalty to Paul Kariya is over, Paul Kariya is back on ice.
15:16 of 2nd period - Off-side.
15:17 of 2nd period - Kevin Porter wins face-off versus Sam Gagner in neutral zone.
15:22 of 2nd period - Slapshot by Jake Gardiner.
15:22 of 2nd period - Stopped by Brian Elliott without a rebound.
15:23 of 2nd period - Steven Stamkos wins face-off versus Nicklas Backstrom in Penguins zone.
15:36 of 2nd period - Wrist shot by David Perron.
15:36 of 2nd period - Stopped by Brian Elliott with a rebound.
15:38 of 2nd period - Backhand shot by Drew Stafford.
15:38 of 2nd period - Shot Misses the Net.
15:40 of 2nd period - Wrist shot by Drew Fata.
15:40 of 2nd period - Shot Blocked by Dion Phaneuf.
15:49 of 2nd period - Off-side.
15:50 of 2nd period - Sam Gagner wins face-off versus Travis Zajac in neutral zone.
16:15 of 2nd period - Paul Ranger is hit by Cody Franson and loses puck.
16:28 of 2nd period - Snap shot by Sergei Shirokov.
16:28 of 2nd period - Stopped by Brian Elliott with a rebound.
17:06 of 2nd period - Snap shot by Joe Pavelski.
17:06 of 2nd period - Shot Misses the Net.
17:08 of 2nd period - Wrist shot by Travis Zajac.
17:08 of 2nd period - Shot Misses the Net.
17:10 of 2nd period - Slapshot by Bryce Lampman.
17:10 of 2nd period - Shot Blocked by Brian McGrattan.
17:12 of 2nd period - Slapshot by Bryce Lampman.
17:12 of 2nd period - Stopped by Brian Elliott with a rebound.
17:14 of 2nd period - Wrist shot by Travis Zajac.
17:14 of 2nd period - Shot Misses the Net.
17:34 of 2nd period - Wrist shot by Nikita Alexeev.
17:34 of 2nd period - Stopped by Tuukka Rask with a rebound.
17:52 of 2nd period - Slapshot by Bobby Ryan.
17:52 of 2nd period - Deflect By Steven Stamkos.
17:52 of 2nd period - Shot Misses the Net.
17:52 of 2nd period - Puck is out of play.
17:53 of 2nd period - Josef Vasicek wins face-off versus Drew Stafford in Blues zone.
17:54 of 2nd period - Wrist shot by Simon Gagné.
17:54 of 2nd period - Stopped by Tuukka Rask with a rebound.
17:56 of 2nd period - Wrist shot by Josef Vasicek.
17:56 of 2nd period - Stopped by Tuukka Rask with a rebound.
17:58 of 2nd period - Snap shot by Simon Gagné.
17:58 of 2nd period - Stopped by Tuukka Rask with a rebound.
18:00 of 2nd period - Wrist shot by Cory Sarich.
18:00 of 2nd period - Shot Misses the Net.
18:02 of 2nd period - Snap shot by Josef Vasicek.
18:02 of 2nd period - Stopped by Tuukka Rask without a rebound.
18:03 of 2nd period - Nicklas Backstrom wins face-off versus Josef Vasicek in Blues zone.
18:14 of 2nd period - Wrist shot by Josef Vasicek.
18:14 of 2nd period - Stopped by Tuukka Rask with a rebound.
18:26 of 2nd period - Snap shot by Brian McGrattan.
18:26 of 2nd period - Shot Misses the Net.
18:28 of 2nd period - Slapshot by Cory Sarich.
18:28 of 2nd period - Stopped by Tuukka Rask with a rebound.
18:30 of 2nd period - Backhand shot by Josef Vasicek.
18:30 of 2nd period - Shot Blocked by David Perron.
18:32 of 2nd period - Slapshot by Derek Joslin.
18:32 of 2nd period - Shot Misses the Net.
18:36 of 2nd period - Wrist shot by Josef Vasicek.
18:36 of 2nd period - Goal by Josef Vasicek - Penguins : 2 - Blues : 2.
18:37 of 2nd period - Steven Stamkos wins face-off versus Travis Zajac in neutral zone.
18:43 of 2nd period - Minor Penalty to Taylor Hall for Roughing.
18:44 of 2nd period - Steven Stamkos wins face-off versus Nik Antropov in Blues zone.
Goals for this period are 1 for Penguins vs 0 for Blues.
Shots for this period are 14 for Penguins vs 11 for Blues.

3rd period


0:01 of 3rd period - Steven Stamkos wins face-off versus Nik Antropov in neutral zone.
0:36 of 3rd period - Wrist shot by Andrew Cogliano.
0:36 of 3rd period - Shot Misses the Net.
0:43 of 3rd period - Penalty to Taylor Hall is over, Taylor Hall is back on ice.
1:27 of 3rd period - Wrist shot by David Perron.
1:27 of 3rd period - Shot Misses the Net.
3:23 of 3rd period - Christian Ehrhoff is hit by Dion Phaneuf and loses puck.
3:43 of 3rd period - Jake Gardiner is hit by Andrew Cogliano.
3:59 of 3rd period - Josef Vasicek is hit by Nik Antropov and loses puck.
6:52 of 3rd period - Cody Franson is hit by Simon Gagné.
7:09 of 3rd period - Snap shot by Josef Vasicek.
7:09 of 3rd period - Shot Misses the Net.
7:17 of 3rd period - Wrist shot by Simon Gagné.
7:17 of 3rd period - Stopped by Tuukka Rask without a rebound.
7:18 of 3rd period - Steven Stamkos wins face-off versus David Perron in Blues zone.
8:52 of 3rd period - Sean Zimmerman is hit by Jake Gardiner and loses puck.
9:06 of 3rd period - Icing by Nicklas Backstrom.
9:07 of 3rd period - Nicklas Backstrom wins face-off versus Josef Vasicek in Blues zone.
9:39 of 3rd period - Wrist shot by Steven Stamkos.
9:39 of 3rd period - Stopped by Tuukka Rask without a rebound.
9:40 of 3rd period - Steven Stamkos wins face-off versus Nicklas Backstrom in Blues zone.
9:47 of 3rd period - Backhand shot by Steven Stamkos.
9:47 of 3rd period - Shot Misses the Net.
9:49 of 3rd period - Snap shot by Cory Sarich.
9:49 of 3rd period - Deflect By Drew Stafford.
9:49 of 3rd period - Stopped by Tuukka Rask with a rebound.
9:51 of 3rd period - Snap shot by Steven Stamkos.
9:51 of 3rd period - Shot Blocked by Drew Fata.
10:15 of 3rd period - Slapshot by Derek Joslin.
10:15 of 3rd period - Deflect By Nathan Horton.
10:15 of 3rd period - Shot Misses the Net.
10:15 of 3rd period - Puck is out of play.
10:16 of 3rd period - Sam Gagner wins face-off versus Nicklas Backstrom in Blues zone.
10:29 of 3rd period - Slapshot by Alex Pietrangelo.
10:29 of 3rd period - Shot Misses the Net.
10:52 of 3rd period - Snap shot by Steven Stamkos.
10:52 of 3rd period - Stopped by Tuukka Rask with a rebound.
11:13 of 3rd period - Wrist shot by Alex Pietrangelo.
11:13 of 3rd period - Stopped by Brian Elliott with a rebound.
11:15 of 3rd period - Slapshot by Alex Pietrangelo.
11:15 of 3rd period - Shot Misses the Net.
11:25 of 3rd period - Slapshot by Taylor Pyatt.
11:25 of 3rd period - Shot Misses the Net.
12:15 of 3rd period - Snap shot by Bobby Ryan.
12:15 of 3rd period - Shot Misses the Net.
12:53 of 3rd period - Snap shot by Andrew Cogliano.
12:53 of 3rd period - Stopped by Tuukka Rask with a rebound.
13:13 of 3rd period - Wrist shot by Sergei Shirokov.
13:13 of 3rd period - Deflect By Nik Antropov.
13:13 of 3rd period - Stopped by Brian Elliott with a rebound.
13:25 of 3rd period - Bobby Ryan is hit by Drew Fata and loses puck.
13:34 of 3rd period - Snap shot by Tomas Kopecky.
13:34 of 3rd period - Stopped by Brian Elliott without a rebound.
13:35 of 3rd period - Travis Zajac wins face-off versus Sam Gagner in Penguins zone.
14:02 of 3rd period - Alex Pietrangelo is hit by Steven Stamkos and loses puck.
14:29 of 3rd period - Wrist shot by Simon Gagné.
14:29 of 3rd period - Shot Misses the Net.
14:31 of 3rd period - Wrist shot by Simon Gagné.
14:31 of 3rd period - Goal by Simon Gagné - Penguins : 3 - Blues : 2.
14:32 of 3rd period - Nicklas Backstrom wins face-off versus Steven Stamkos in neutral zone.
15:03 of 3rd period - Wrist shot by Taylor Hall.
15:03 of 3rd period - Shot Blocked by Sean Zimmerman.
15:41 of 3rd period - Slapshot by Paul Ranger.
15:41 of 3rd period - Stopped by Tuukka Rask without a rebound.
15:42 of 3rd period - Kevin Porter wins face-off versus Brayden Schenn in Blues zone.
15:53 of 3rd period - Wrist shot by Brayden Schenn.
15:53 of 3rd period - Shot Misses the Net.
15:55 of 3rd period - Snap shot by Steve Sullivan.
15:55 of 3rd period - Shot Misses the Net.
15:57 of 3rd period - Snap shot by Brayden Schenn.
15:57 of 3rd period - Stopped by Tuukka Rask with a rebound.
16:03 of 3rd period - Minor Penalty to Taylor Pyatt for Roughing.
16:04 of 3rd period - Nik Antropov wins face-off versus Steven Stamkos in Blues zone.
16:04 of 3rd period - Nik Antropov is hit by Bobby Ryan.
16:20 of 3rd period - Snap shot by Steven Stamkos.
16:20 of 3rd period - Stopped by Tuukka Rask with a rebound.
18:03 of 3rd period - Penalty to Taylor Pyatt is over, Taylor Pyatt is back on ice.
18:14 of 3rd period - Nicklas Backstrom is hit by Sean Zimmerman and loses puck.
18:45 of 3rd period - Blues, Tuukka Rask is pulled from the net.
18:45 of 3rd period - Snap shot by Joe Pavelski.
18:45 of 3rd period - Stopped by Brian Elliott with a rebound.
18:55 of 3rd period - Slapshot by Alex Pietrangelo.
18:55 of 3rd period - Stopped by Brian Elliott with a rebound.
18:57 of 3rd period - Slapshot by Joe Pavelski.
18:57 of 3rd period - Stopped by Brian Elliott without a rebound.
18:58 of 3rd period - Claude Julien call a timeout for Blues.
18:58 of 3rd period - Sergei Shirokov wins face-off versus Brayden Schenn in Penguins zone.
19:21 of 3rd period - Wrist shot by Joe Pavelski.
19:21 of 3rd period - Stopped by Brian Elliott with a rebound.
19:37 of 3rd period - Slapshot by Alex Pietrangelo.
19:37 of 3rd period - Shot Misses the Net.
19:39 of 3rd period - Snap shot by Sergei Shirokov.
19:39 of 3rd period - Stopped by Brian Elliott with a rebound.
19:53 of 3rd period - Snap shot by Sergei Shirokov.
19:53 of 3rd period - Stopped by Brian Elliott with a rebound.
Goals for this period are 1 for Penguins vs 0 for Blues.
Shots for this period are 9 for Penguins vs 9 for Blues.